Map: Lightshade LE

Players

Yoger

  • Race: Zerg Zerg
  • League: Master
  • Spawn Location: 5:00

Has - Winner!

  • Race: Protoss Protoss
  • Spawn Location: 11:00

Event: DreamHack SC2 Masters 2020 Winter

VOD

Have the link to the VOD?

Description

Time

  • Played on: Oct. 22, 2020, 8:01 a.m.
  • Length: 9:14

All games in this series

Show
View Real Time Build Order
Export as new Build Order

Yoger Zerg 

Build Orders: Hatch First 

Get SALT Encoding   

  12  0:00  Drone  
  13  0:13  Overlord  
  13  0:17  Drone  
  14  0:31  Drone x2  
  16  0:48  Hatchery  
  15  0:51  Drone  
  15  0:54  Drone  
  17  0:59  Drone  
  18  1:08  Extractor  
  17  1:14  Spawning Pool  
  17  1:16  Drone  
  17  1:19  Drone  
  18  1:29  Drone  
  20  1:40  Drone  
  20  1:46  Hatchery  
  19  1:50  Drone  
  20  2:01  Queen  
  20  2:02  Drone  
  20  2:05  Drone  
  24  2:11  Drone  
  24  2:15  Overlord  
  25  2:23  Queen  
  25  2:26  Drone  
  28  2:30  Metabolic Boost  
  28  2:34  Zergling x2  
  28  2:36  Zergling x2  
  30  2:44  Drone x2  
  32  2:48  Overlord  
  32  2:52  Queen  
  32  2:56  Drone x2  
  36  2:59  Drone  
  36  3:07  Drone x2  
  38  3:16  Queen, Zergling x4  
  38  3:19  Zergling x2  
  43  3:27  Spore Crawler  
  43  3:29  Queen  
  43  3:31  Zergling x2  
  43  3:32  Drone x2  
  43  3:33  Drone  
  48  3:38  Spore Crawler  
  47  3:41  Overlord  
  47  3:48  Overlord  
  47  4:00  Drone  
  47  4:01  Drone x2  
  47  4:02  Overlord  
  50  4:04  Overlord  
  50  4:06  Spore Crawler  
  50  4:08  Drone x4  
  53  4:12  Drone x2  
  53  4:14  Queen  
  53  4:16  Drone  
  53  4:17  Drone  
  58  4:21  Drone x2  
  58  4:22  Drone  
  61  4:26  Drone  
  61  4:27  Drone  
  61  4:31  Lair  
  63  4:33  Drone  
  63  4:36  Drone  
  65  4:38  Drone  
  65  4:41  Roach Warren  
  65  4:45  Overlord x2  
  64  4:46  Extractor  
  64  4:49  Extractor  
  60  4:52  Overlord  
  60  4:53  Zergling x2  
  60  4:54  Zergling x6  
  60  4:56  Zergling x2  
  65  5:04  Zergling x6  
  65  5:05  Zergling x6  
  71  5:08  Zergling x2  
  72  5:16  Zergling x10  
  74  5:27  Roach x6  
  74  5:38  Roach x4  
  76  5:46  Zergling x2  
  76  5:47  Zergling x8  
  67  5:57  Zergling x2  
  67  6:03  Spawning Pool  
  65  6:09  Drone x6  
  60  6:23  Roach x2  
  58  6:39  Roach  
  61  6:40  Roach  
  60  6:51  Roach, Zergling x6  
  63  6:56  Drone x2  
  64  7:03  Roach  
  63  7:10  Drone  
  63  7:15  Drone  
  63  7:19  Drone  
  64  7:23  Drone x2  
  64  7:25  Overseer  
  64  7:29  Drone  
  67  7:33  Drone x2  
  69  7:43  Drone  
  69  7:44  Drone x2  
  67  7:51  Drone  
  61  7:59  Drone x2  
  61  8:04  Drone  
  64  8:07  Drone  
  64  8:09  Drone  
  64  8:12  Drone  
  67  8:16  Drone x3  
  67  8:19  Drone  
  71  8:23  Roach  
  71  8:26  Roach  
  75  8:30  Ravager x2  
  75  8:31  Ravager  
  75  8:32  Roach x2  
  82  8:35  Roach  
  82  8:39  Roach x2  
  90  8:41  Roach  
Show
View Real Time Build Order
Export as new Build Order

Has Protoss - Winner!

Build Orders: 1 Gate Expand, Mass Adepts 

Get SALT Encoding   

  12  0:00  Probe  
  13  0:12  Probe  
  14  0:19  Pylon  
  14  0:24  Probe  
  15  0:32  Assimilator  
  15  0:38  Probe (Chrono Boost)  
  16  0:42  Gateway  
  16  0:47  Probe (Chrono Boost)  
  17  0:52  Probe  
  18  1:05  Probe  
  19  1:17  Probe  
  20  1:22  Nexus  
  20  1:32  Cybernetics Core  
  20  1:35  Probe  
  21  1:40  Assimilator  
  21  1:48  Pylon  
  21  1:49  Probe  
  22  2:01  Probe  
  23  2:10  Stargate, Adept (Chrono Boost)  
  23  2:14  Probe  
  26  2:22  Warp Gate  
  26  2:26  Probe  
  27  2:33  Adept  
  27  2:35  Probe  
  30  2:38  Probe  
  31  2:45  Void Ray (Chrono Boost)  
  31  2:47  Probe (Chrono Boost)  
  33  2:56  Probe (Chrono Boost)  
  33  2:58  Probe (Chrono Boost)  
  38  3:03  Probe x2 (Chrono Boost)  
  40  3:13  Probe  
  40  3:14  Probe  
  40  3:18  Gateway  
  42  3:20  Twilight Council  
  42  3:25  Adept, Probe  
  45  3:30  Pylon  
  45  3:31  Probe  
  46  3:45  Pylon  
  46  3:48  Gateway, Probe x2  
  48  3:50  Gateway  
  48  3:56  Resonating Glaives (Chrono Boost)  
  48  4:00  Probe x2  
  50  4:12  Pylon, Probe  
  50  4:14  Adept x2  
  55  4:17  Probe  
  55  4:20  Assimilator  
  56  4:24  Probe  
  56  4:28  Pylon  
  56  4:31  Pylon  
  57  4:36  Adept x2  
  57  4:37  Probe x2  
  63  4:43  Assimilator, Adept  
  65  4:47  Adept  
  65  4:51  Robotics Facility  
  67  4:58  Adept x2  
  71  5:02  Probe x2  
  71  5:05  Adept  
  75  5:08  Adept  
  77  5:16  Forge  
  77  5:25  Adept x2  
  77  5:26  Adept  
  79  5:35  Adept  
  79  5:37  Probe x2  
  83  5:49  Adept x2  
  85  5:54  Protoss Ground Weapons Level 1 (Chrono Boost)  
  77  5:59  Adept x2  
  69  6:18  Pylon  
  69  6:19  Nexus  
  68  6:26  Probe  
  68  6:32  Adept x4  
  71  6:37  Immortal  
  77  6:43  Charge (Chrono Boost)  
  77  6:45  Probe x2  
  75  6:57  Probe x2  
  75  6:58  Sentry x4  
  83  7:07  Immortal  
  81  7:09  Probe  
  76  7:17  Probe  
  76  7:21  Probe  
  76  7:22  Gateway  
  82  7:23  Gateway  
  82  7:25  Gateway  
  82  7:27  Gateway, Shield Battery  
  82  7:28  Zealot x4  
  90  7:35  Probe x2  
  90  7:36  Probe  
  93  7:39  Immortal  
  91  7:47  Probe  
  94  7:57  Zealot x4  
  98  8:00  Templar Archives  
  93  8:08  Probe x2  
  93  8:09  Pylon  
  96  8:15  Warp Prism (Chrono Boost)  
  96  8:19  Pylon  
  98  8:20  Pylon  
  98  8:23  Zealot x4  
  105  8:30  Zealot x3  
  105  8:33  Zealot  
  113  8:38  Pylon  
  113  8:50  Assimilator x2  
Tags
 
Add a new tag
Caveats
  • Supply blocks, unpowered buildings, or Contaminate may cause inaccurate times.
  • Supply counts are checked every 10 seconds.